 Dungeon Crawl Stone Soup version 0.26.1-11-gd32895ea62 (webtiles) character file.

Game seed: 10721673715478293549

409 Almogavar the Skirmisher (level 6, 0/53 HPs)
             Began as a Gnoll Wanderer on Apr 16, 2021.
             Slain by Duvessa
             ... wielding a +0 rapier
              (9 damage)
             ... on level 4 of the Dungeon.
             The game lasted 00:07:51 (3771 turns).

Almogavar the Skirmisher (Gnoll Wanderer)           Turns: 3771, Time: 00:07:53

Health: 0/53       AC:  6    Str: 19    XL:     6   Next: 89%
Magic:  0/9        EV: 12    Int: 12    God:
Gold:   126        SH:  0    Dex: 14    Spells: 9/9 levels left

rFire    + . .     SeeInvis .   a - +2 spear
rCold    . . .     Faith    .   (no shield)
rNeg     . . .     Spirit   +   r - +2 robe {rF+}
rPois    .         Reflect  .   o - +0 helmet
rElec    .         Harm     .   m - +0 cloak
rCorr    +         Rampage  .   (no gloves)
Will     .....                  (no boots)
Stlth    ++........             l - amulet of guardian spirit
HPRegen  0.17/turn              k - +4 ring of slaying
MPRegen  0.11/turn              h - ring of resist corrosion

@: no status effects
A: distributed training, fangs 1, strong nose
a: no special abilities


You were on level 4 of the Dungeon.
You visited 1 branch of the dungeon, and saw 4 of its levels.

You collected 126 gold pieces.

Inventory:

Hand Weapons
 a - a +2 spear (weapon)
Armour
 m - a +0 cloak (worn)
 o - a +0 helmet (worn)
 r - a +2 robe of fire resistance (worn)
Jewellery
 h - a ring of resist corrosion (right hand)
 k - a +4 ring of slaying (left hand)
 l - an amulet of guardian spirit (around neck)
Wands
 g - a wand of disintegration (15)
Scrolls
 c - 5 scrolls of teleportation
 d - a scroll of remove curse {unknown}
 e - 2 scrolls of fog
 f - 2 scrolls of magic mapping
 p - a scroll of amnesia {unknown}
 q - a scroll of enchant weapon {unknown}
Potions
 b - a potion of ambrosia {unknown}
 i - 4 potions of flight
 j - 2 potions of heal wounds
 n - 2 potions of mutation {unknown}


   Skills:
 + Level 6.9 Fighting
 + Level 2.1 Short Blades
 + Level 5.1 Long Blades
 + Level 2.1 Axes
 + Level 2.1 Maces & Flails
 + Level 5.1 Polearms
 + Level 2.1 Staves
 + Level 2.1 Slings
 + Level 2.1 Bows
 + Level 2.1 Crossbows
 + Level 2.1 Throwing
 + Level 2.1 Armour
 + Level 2.1 Dodging
 + Level 3.2 Stealth
 + Level 2.1 Shields
 + Level 2.1 Unarmed Combat
 + Level 2.1 Spellcasting
 + Level 1.7 Conjurations
 + Level 1.7 Hexes
 + Level 1.7 Summonings
 + Level 1.7 Necromancy
 + Level 1.7 Translocations
 + Level 1.7 Transmutations
 + Level 1.7 Fire Magic
 + Level 1.7 Ice Magic
 + Level 1.7 Air Magic
 + Level 1.7 Earth Magic
 + Level 1.7 Poison Magic
 + Level 2.4 Invocations
 + Level 5.1 Evocations


You had 9 spell levels left.
You didn't know any spells.
Your spell library was empty.

Dungeon Overview and Level Annotations

Branches:
Dungeon (4/15)
 Temple: D:4-7

Altars:
Elyvilon
Trog

Annotations:
D:4 3 runed translucent doors, Duvessa; vesperbot's ghost, amateur TrHu


Innate Abilities, Weirdness & Mutations

Your experience applies equally to all skills.
You have very sharp teeth.
Your uncanny sense of smell can sniff out nearby items.


Message History

Duvessa is almost dead.
Duvessa hits you with a +0 rapier! The frilled lizard barely misses you.
You hit Duvessa but do no damage. You bite Duvessa.
Duvessa is almost dead.
Duvessa barely misses you.
You hit Duvessa but do no damage.
Duvessa is almost dead.
The frilled lizard barely misses you. Duvessa barely misses you.
You hit Duvessa. You bite Duvessa, but do no damage.
Duvessa is almost dead.
Duvessa hits you with a +0 rapier.
* * * LOW HITPOINT WARNING * * *
The frilled lizard barely misses you.
You barely miss Duvessa.
Duvessa is almost dead.
Duvessa hits you with a +0 rapier.
* * * LOW HITPOINT WARNING * * *
The frilled lizard bites you but does no damage.
Duvessa hits you with a +0 rapier!
You die...

≈...#
#.###.####.####
...## #.# #.#
#.# ..## #.#
#.# #.# ### #.#
#.# #.# # #.#
#.# #.. #.# #..
#.#
#.###..###.#
#......l@e.#
#####..#####
#.. .... ####l
.## #. .>. #.
### #.


You could see Duvessa (berserk) and a frilled lizard.

Vanquished Creatures
  Menkaure (D:4)
  An ogre (D:4)
  Dowan (D:4)
  A worker ant (D:4)
  Robin (D:3)
  An adder (D:2)
  3 gnolls (D:4)
  2 worms (D:2)
  3 dart slugs
  2 leopard geckos
  10 orcs
  A ball python (D:2)
  4 giant cockroaches
  10 goblins
  7 hobgoblins
  4 jackals (D:2)
  A quokka (D:4)
  5 bats
  3 frilled lizards
  A kobold (D:1)
  6 rats
68 creatures vanquished.

Vanquished Creatures (others)
  2 plants (D:3)
2 creatures vanquished.

Grand Total: 70 creatures vanquished

Notes
Turn   | Place    | Note
-------+----------+-------------------------------------------
     0 | D:1      | Almogavar the Gnoll Wanderer began the quest for the Orb.
     0 | D:1      | Almogavar set off with the following items: a +2 spear, a
                  | +0 short sword, a scroll of teleportation, a +0 robe
     0 | D:1      | Reached XP level 1. HP: 23/23 MP: 1/1
   296 | D:1      | Reached XP level 2. HP: 29/29 MP: 2/2
   949 | D:2      | Reached XP level 3. HP: 35/35 MP: 3/3
  1072 | D:2      | Reached skill level 1 in Invocations
  1557 | D:2      | Reached skill level 1 in Short Blades
  1557 | D:2      | Reached skill level 1 in Axes
  1557 | D:2      | Reached skill level 1 in Maces & Flails
  1557 | D:2      | Reached skill level 1 in Staves
  1557 | D:2      | Reached skill level 1 in Slings
  1557 | D:2      | Reached skill level 1 in Bows
  1557 | D:2      | Reached skill level 1 in Crossbows
  1557 | D:2      | Reached skill level 1 in Throwing
  1557 | D:2      | Reached skill level 1 in Armour
  1557 | D:2      | Reached skill level 1 in Dodging
  1557 | D:2      | Reached skill level 1 in Shields
  1557 | D:2      | Reached skill level 1 in Unarmed Combat
  1557 | D:2      | Reached skill level 1 in Spellcasting
  2014 | D:3      | Reached XP level 4. HP: 41/41 MP: 5/5
  2553 | D:3      | Found a bloodstained altar of Trog.
  2769 | D:4      | Found a runed translucent gate.
  2769 | D:4      | Found a runed translucent gate.
  2769 | D:4      | Found a runed translucent gate.
  2769 | D:4      | Noticed vesperbot's ghost (amateur TrHu)
  2769 | D:4      | Noticed Robin
  2778 | D:3      | Killed Robin
  2843 | D:3      | Reached skill level 1 in Conjurations
  2843 | D:3      | Reached skill level 1 in Hexes
  2843 | D:3      | Reached skill level 1 in Summonings
  2843 | D:3      | Reached skill level 1 in Necromancy
  2843 | D:3      | Reached skill level 1 in Translocations
  2843 | D:3      | Reached skill level 1 in Transmutations
  2843 | D:3      | Reached skill level 1 in Fire Magic
  2843 | D:3      | Reached skill level 1 in Ice Magic
  2843 | D:3      | Reached skill level 1 in Air Magic
  2843 | D:3      | Reached skill level 1 in Earth Magic
  2843 | D:3      | Reached skill level 1 in Poison Magic
  3026 | D:4      | Noticed Menkaure
  3032 | D:4      | Killed Menkaure
  3033 | D:4      | Reached XP level 5. HP: 36/47 MP: 4/7
  3215 | D:4      | Reached XP level 6. HP: 53/53 MP: 8/8
  3248 | D:4      | Found a white marble altar of Elyvilon.
  3575 | D:4      | Noticed Dowan
  3575 | D:4      | Noticed Duvessa
  3617 | D:4      | Killed Dowan
  3618 | D:4      | Reached skill level 5 in Long Blades
  3618 | D:4      | Reached skill level 5 in Polearms
  3618 | D:4      | Reached skill level 5 in Evocations
  3771 | D:4      | Slain by Duvessa

Illustrated notes

Levels and vault maps discovered:
D:1:      dpeg_chamrin_arrival_tetris, layout_loops_ring, grunt_decor_cap,
          wander_ebering_terrifying_dragon_lair
D:2:      layout_basic, serial_corexii_hall, corexii_hall_statues_l,
          chequers_hall_statues_corner_a, chequers_hall_statues_corner_a,
          corexii_hall_statues_x
D:3:      layout_basic, lightli_temple_of_fire, serial_bayou,
          serial_bayou_pond_c, serial_bayou_lake_a, serial_bayou_pond_a,
          serial_bayou_pond_e, dk_noncrumbling_3
D:4:      layout_loops_ring, biasface_ghost_orc_armoury, elyvilon_altar_3,
          uniq_duvessa, uniq_robin, uniq_menkaure

Skill      XL: |  1  2  3  4  5  6 |
---------------+-------------------+-----
Invocations    | 1 2 |  2.4
Short Blades   | 1 2 |  2.1
Axes           | 1 2 |  2.1
Maces & Flails | 1 2 |  2.1
Staves         | 1 2 |  2.1
Slings         | 1 2 |  2.1
Bows           | 1 2 |  2.1
Crossbows      | 1 2 |  2.1
Throwing       | 1 2 |  2.1
Armour         | 1 2 |  2.1
Dodging        | 1 2 |  2.1
Shields        | 1 2 |  2.1
Unarmed Combat | 1 2 |  2.1
Spellcasting   | 1 2 |  2.1
Conjurations   | 1 |  1.7
Hexes          | 1 |  1.7
Summonings     | 1 |  1.7
Necromancy     | 1 |  1.7
Translocations | 1 |  1.7
Transmutations | 1 |  1.7
Fire Magic     | 1 |  1.7
Ice Magic      | 1 |  1.7
Air Magic      | 1 |  1.7
Earth Magic    | 1 |  1.7
Poison Magic   | 1 |  1.7
Stealth        | 3 |  3.2
Long Blades    | 5 |  5.1
Polearms       | 5 |  5.1
Evocations     | 5 |  5.1
Fighting       | |  6.9

Action                   |  1- 3 |  4- 6 || total
-------------------------+-------+-------++-------
Melee: Spear             |    59 |   110 ||   169
       Bite              |       |    13 ||    13
  Use: Scroll            |     5 |       ||     5
       Potion            |       |     2 ||     2
 Stab: Sleeping          |     7 |     2 ||     9
Armor: Robe              |     4 |     3 ||     7
       Ring mail         |       |    21 ||    21
Dodge: Dodged            |    18 |    73 ||    91
